 Dungeon Crawl Stone Soup version 0.30-a0-738-g116ff8c4af (webtiles) character file.

Game seed: 394332929563463235

242 timneilson the Shield-Bearer (level 6, -8/38 HPs)
             Began as a Gargoyle Fighter on Feb 3, 2023.
             Mangled by a black bear (9 damage)
             ... on level 4 of the Dungeon.
             The game lasted 00:04:52 (2940 turns).

timneilson the Shield-Bearer (Gargoyle Fighter)     Turns: 2940, Time: 00:04:53

Health: -8/38      AC: 15    Str: 21    XL:     6   Next: 9%
Magic:  6/6        EV:  7    Int:  9    God:
Gold:   1337       SH:  4    Dex:  9    Spells: 5/5 levels left

rFire   . . .      SeeInvis .    a - +1 long sword
rCold   . . .      Faith    .    c - +0 buckler
rNeg    + . .      Spirit   .    i - +0 chain mail
rPois   ∞          Reflect  .    (no helmet)
rElec   +          Harm     .    (no cloak)
rCorr   .          Rampage  .    (no gloves)
Will    .....                    b - +0 pair of boots Stlth
                                 (no amulet)
HPRegen 0.26/turn                (no ring)
MPRegen 0.10/turn                (no ring)

@: mighty
A: sickness immunity, AC +4, negative energy resistance 1, electricity
resistance, torment resistance 1, petrification resistance
a: no special abilities


You were on level 4 of the Dungeon.
You visited 1 branch of the dungeon, and saw 4 of its levels.

You collected 1337 gold pieces.

Inventory:

Hand Weapons
 a - a +1 long sword (weapon)
Armour
 b - a +0 pair of boots (worn)
 c - a +0 buckler (worn)
 i - a +0 chain mail (worn)
Jewellery
 o - a ring of wizardry
Scrolls
 f - 2 scrolls of teleportation
 g - a scroll of identify
 l - a scroll of enchant weapon
Potions
 e - a potion of brilliance
 h - 3 potions of mutation
 j - 3 potions of lignification


   Skills:
 + Level 4.0 Fighting
 * Level 3.1 Long Blades
 * Level 4.5 Armour
 + Level 1.3 Dodging
 * Level 4.7 Shields


You had 5 spell levels left.
You didn't know any spells.
Your spell library contained the following spells:

 Spells                   Type           Power      Damage    Failure   Level
 Ensorcelled Hibernation  Hex/Ice        0%         N/A       100%        2
 Passwall                 Tmut/Erth      0%         N/A       100%        2
 Swiftness                Air            0%         N/A       100%        3


Dungeon Overview and Level Annotations

Branches:
Dungeon (4/15)
 Temple: D:4-7

Altars:
Kikubaaqudgha
Makhleb
Sif Muna


Innate Abilities, Weirdness & Mutations

You are immune to sickness and miasma.
Your stone body is resilient. (AC +4)
You are immune to poison.
You resist negative energy. (rN+)
You are resistant to electric shocks. (rElec)
You are resistant to unholy torment.
You are immune to petrification.


Message History

* * * LOW HITPOINT WARNING * * *
You block the black bear's attack.
You feel better.
The black bear bites you but does no damage.
The black bear claws you but does no damage. x2
You hit the black bear but do no damage.
The black bear is severely wounded.
The black bear bites you.
The black bear claws you but does no damage.
The black bear claws you.
* * * LOW HITPOINT WARNING * * *
The black bear bites you but does no damage.
The black bear claws you but does no damage. x2
You closely miss the black bear.
The black bear is severely wounded.
The black bear bites you but does no damage.
The black bear claws you.
* * * LOW HITPOINT WARNING * * *
The black bear claws you.
* * * LOW HITPOINT WARNING * * *
You block the black bear's attack.
The black bear claws you but does no damage.
The black bear barely misses you.
You feel very mighty all of a sudden. The black bear barely misses you.
The black bear completely misses you.
The black bear claws you but does no damage.
The black bear bites you but does no damage.
You block the black bear's attack.
The black bear claws you but does no damage.
You closely miss the black bear.
The black bear is severely wounded.
The black bear bites you but does no damage.
You block the black bear's attack. The black bear barely misses you.
You closely miss the black bear.
The black bear is severely wounded.
The black bear bites you.
* * * LOW HITPOINT WARNING * * *
The black bear claws you but does no damage.
You block the black bear's attack. The black bear bites you!
You die...

#.# #.#### ### ##### #.##.# .....
#...######.##.# .. ...
#...##.....##.# .
..###...##.###....#
######.............##.###########
....##.#......##.#.##............
....##........##@#.##............
....###.......##h#.##............
....##.....#####w#....###'#######
....##......####.#.##.# #.#
....##........##.#.##.# #.####
######.#....##.....##.###....##
##............................#
##............................#
##............................#


You could see a black bear (berserk) and a worm.

Vanquished Creatures
  A gnoll sergeant (D:3)
  A hound (D:4)
  8 gnolls
  2 adders (D:2)
  2 worms (D:2)
  An orc (D:2)
  4 ball pythons
  6 endoplasms
  3 giant cockroaches
  5 goblins
  3 hobgoblins
  A quokka (D:1)
  3 bats
  3 frilled lizards
  6 kobolds
  5 rats
54 creatures vanquished.

Notes
Turn   | Place    | Note
-------+----------+-------------------------------------------
     0 | D:1      | timneilson the Gargoyle Fighter began the quest for the
                  | Orb.
     0 | D:1      | Reached XP level 1. HP: 14/14 MP: 1/1
   173 | D:1      | Reached XP level 2. HP: 19/19 MP: 2/2
   699 | D:2      | You fall into a shaft and drop 2 floors!
   780 | D:2      | Reached XP level 3. HP: 23/23 MP: 3/3
  1537 | D:2      | Reached XP level 4. HP: 27/28 MP: 4/4
  1849 | D:3      | Found an ancient bone altar of Kikubaaqudgha.
  1849 | D:3      | Found a burning altar of Makhleb.
  2067 | D:3      | Identified a scroll of acquirement
  2067 | D:3      | Acquired 1117 gold pieces
  2102 | D:4      | Noticed a gnoll sergeant
  2139 | D:3      | Killed a gnoll sergeant
  2140 | D:3      | Reached skill level 1 in Dodging
  2140 | D:3      | Reached XP level 5. HP: 19/33 MP: 5/5
  2374 | D:4      | Found a shimmering blue altar of Sif Muna.
  2835 | D:4      | Reached XP level 6. HP: 36/38 MP: 6/6
  2901 | D:4      | Noticed a black bear
  2940 | D:4      | HP: 1/38 [black bear (4)]
  2940 | D:4      | Mangled by a black bear

Illustrated notes

Levels and vault maps discovered:
D:1:      matt_arrival_los_fun, layout_rooms, minmay_pentomino_r4
D:2:      layout_loops_corners, chequers_big_river
D:3:      minmay_door_path, layout_rooms, nicolae_overflow_two_pavilions,
          uniq_sigmund
D:4:      layout_basic, general_overflow_altar, lightli_minifort

Skill      XL: |  1  2  3  4  5 |
---------------+----------------+-----
Long Blades    | 2 3 |  3.1
Shields        | 4 |  4.7
Armour         | 4 |  4.5
Dodging        | 1 |  1.3
Fighting       | 4 |  4.0

Action                     |  1- 3 |  4- 6 || total
---------------------------+-------+-------++-------
  Melee: Long sword        |   135 |    93 ||   228
    Use: Scroll            |     4 |     5 ||     9
         Potion            |       |     7 ||     7
 Armour: Scale mail        |     8 |       ||     8
         Chain mail        |    79 |    91 ||   170
  Dodge: Dodged            |    45 |    46 ||    91
  Block: Buckler           |    30 |    29 ||    59

Table legend: (Time is in decaauts)
 A = Elapsed time spent in this place.
 B = Non-inter-level travel time spent in this place.
 C = Inter-level travel time spent in this place.
 D = Time resting spent in this place.
 E = Time spent auto-exploring this place.
 F = Levels seen in this place.
 G = Mean time per level.
                   A        B        C        D        E       F      G
               +--------+--------+--------+--------+--------+-----+--------+
         Total |   3028 |   2897 |    131 |    433 |   1717 |   4 |  757.0 |
       Dungeon |   3028 |   2897 |    131 |    433 |   1717 |   4 |  757.0 |
               +--------+--------+--------+--------+--------+-----+--------+

Top non-repeatable levels by time:
     D:2: 1090 daAuts
     D:3: 882 daAuts
     D:1: 667 daAuts
     D:4: 388 daAuts
